 Dungeon Crawl Stone Soup version 0.30-a0-6-g7c9e10e132 (webtiles) character file.

Game seed: 5977838783253906734

821 siradein the Grave Robber (level 7, -2/41 HPs)
             Began as a Deep Elf Necromancer on Aug 22, 2022.
             Slain by a centaur (3 damage)
             ... on level 6 of the Dungeon.
             The game lasted 00:12:27 (5978 turns).

siradein the Grave Robber (Deep Elf Necromancer)    Turns: 5978, Time: 00:12:27

Health: -2/41      AC:  6    Str: 11    XL:     7   Next: 63%
Magic:  11/18      EV: 11    Int: 22    God:
Gold:   255        SH:  0    Dex: 15    Spells: 10/18 levels left

rFire   . . .      SeeInvis .    a - +4 spear
rCold   . . .      Faith    .    (no shield)
rNeg    . . .      Spirit   .    c - +0 ring mail {Will+}
rPois   .          Reflect  .    (no helmet)
rElec   .          Harm     .    (no cloak)
rCorr   .          Rampage  .    (no gloves)
Will    +....                    r - +0 pair of boots
Stlth   +.........               (no amulet)
HPRegen 0.13/turn                u - +6 ring of strength
MPRegen 0.16/turn                (no ring)

@: animating dead, very slightly contaminated
A: no striking features
a: no special abilities


You were on level 6 of the Dungeon.
You visited 2 branches of the dungeon, and saw 7 of its levels.

You collected 255 gold pieces.

Inventory:

Hand Weapons
 a - a +4 spear (weapon)
Armour
 c - a +0 ring mail of willpower (worn)
 r - a +0 pair of boots (worn)
Jewellery
 u - a +6 ring of strength (left hand)
Wands
 g - a wand of charming (7)
 l - a wand of digging (8)
Scrolls
 d - a scroll of teleportation {unknown}
 k - a scroll of enchant weapon {unknown}
 m - a scroll of brand weapon {unknown}
 o - a scroll of magic mapping {unknown}
 p - a scroll of fear {unknown}
 s - 2 scrolls of identify {unknown}
 w - a scroll of immolation {unknown}
 x - a scroll of enchant armour {unknown}
 y - a scroll of blinking {unknown}
Potions
 b - a potion of magic
 e - 2 potions of degeneration {unknown}
 f - a potion of lignification {unknown}
 h - 2 potions of heal wounds {unknown}
 i - 3 potions of curing {unknown}
 j - a potion of attraction {unknown}
 n - a potion of flight {unknown}
 q - a potion of haste {unknown}
 t - 2 potions of ambrosia {unknown}
 v - 2 potions of mutation {unknown}
 z - a potion of berserk rage {unknown}


   Skills:
 + Level 3.1 Fighting
 + Level 3.3 Armour
 - Level 2.4 Dodging
 - Level 2.4 Stealth
 + Level 6.4 Spellcasting
 + Level 7.1 Necromancy


You had 10 spell levels left.
You knew the following spells:

 Your Spells              Type           Power      Damage    Failure   Level
a - Necrotise             Necr           100%       1d9       1%          1
b - Vampiric Draining     Necr           38%        2d8       3%          3
c - Animate Dead          Necr           38%        N/A       11%         4

Your spell library contained the following spells:

 Spells                   Type           Power      Damage    Failure   Level
 Sublimation of Blood     Necr           38%        N/A       1%          2
 Agony                    Necr           38%        N/A       28%         5
 Wereblood                Tmut           7%         N/A       30%         2
 Summon Hydra             Summ           3%         N/A       100%        7


Dungeon Overview and Level Annotations

Branches:
Dungeon (6/15)             Temple (1/1) D:4

Altars:
Ashenzari
Cheibriados
Dithmenos
Elyvilon
Gozag
Hepliaklqana
Makhleb
Nemelex Xobeh
Qazlal
Sif Muna
Trog
Uskayaw
Vehumet
Wu Jian
Xom
Yredelemnul
The Shining One

Shops:
D:2 [   D:5 [   D:6 [

Annotations:
D:1 2 transporters


Message History

Casting: Necrotise (safe; 1% risk of failure)
Confirm with . or Enter, or press ? or * to list all spells.
Aiming: Vampiric Draining (dangerous; 3% risk of failure)
Press: ? - help, Shift-Dir - straight line, f/p - ogre
Aim: an ogre, wielding a +0 giant club (heavily wounded)
You draw life force from the ogre!
You kill the ogre!
You feel life coursing into your body.
Unknown command.
Your magical contamination has completely faded away.
Magic restored.
HP restored.
A black bear, a centaur and an orc wizard come into view.
The orc wizard is wielding a +2 dagger of freezing.
Found an escape hatch in the ceiling.
Casting: Vampiric Draining (dangerous; 3% risk of failure)
Confirm with . or Enter, or press ? or * to list all spells.
The spell is quite dangerous to miscast (11% risk of failure)!
Continue anyway?
You call upon the dead to rise.
The centaur wields a +0 shortbow.
The centaur shoots an arrow.
The arrow hits you!
The centaur shoots an arrow.
The arrow hits you!
The centaur shoots an arrow.
The arrow hits you!
* * * LOW HITPOINT WARNING * * *
The black bear growls angrily.
You hear a shout!
You hear a loud, deep croak!
The centaur unwields a +0 shortbow.
The centaur hits you.
* * * LOW HITPOINT WARNING * * *
The centaur closely misses you.
Casting: Animate Dead (quite dangerous; 11% risk of failure)
Confirm with . or Enter, or press ? or * to list all spells.
Aiming: Vampiric Draining (dangerous; 3% risk of failure)
Press: ? - help, Shift-Dir - straight line, f - centaur
Aim: a centaur You miscast Vampiric Draining.
You are very lightly contaminated with residual magic.
Nothing appears to happen.
The centaur hits you.
* * * LOW HITPOINT WARNING * * *
The centaur kicks you.
* * * LOW HITPOINT WARNING * * *
The centaur hits you.
You die...

...?....... .........#
.........# #.
......#..###.... #..
#..... ##........ ...
##..h. ##.##.#####....
.#....####...# ###.#....
......#......####.......
#<.hc@.......##.......
#..#.#...##.....).....
.... ###...#............
## #................
#......###........
##.#..####........
#.#... #.........
.....###.##|.#.. ...
..##..#.#...


You could see a black bear and a centaur.

Vanquished Creatures
  A water moccasin (D:5)
  An ice beast (D:4)
  An ogre (D:6)
  A scorpion (D:3)
  A howler monkey (D:4)
  2 orc priests (D:4)
  A hound (D:4)
  Natasha (thrice) (D:2)
  7 gnolls
  10 adders
  A worm (D:2)
  2 dart slugs
  3 orcs
  4 bats
  5 endoplasms
  4 giant cockroaches
  6 goblins
  4 hobgoblins
  6 kobolds
  6 quokkas
  8 ball pythons
  2 frilled lizards
  9 rats
88 creatures vanquished.

Vanquished Creatures (collateral kills)
  3 gnolls
  11 rats
14 creatures vanquished.

Vanquished Creatures (others)
  6 rat zombies (D:2)
6 creatures vanquished.

Grand Total: 108 creatures vanquished

Notes
Turn   | Place    | Note
-------+----------+-------------------------------------------
     0 | D:1      | siradein the Deep Elf Necromancer began the quest for the
                  | Orb.
     0 | D:1      | Reached XP level 1. HP: 10/10 MP: 6/6
   271 | D:1      | Reached skill level 5 in Necromancy
   398 | D:1      | Reached XP level 2. HP: 15/15 MP: 6/8
   713 | D:1      | Found a faded altar of an unknown god.
  1050 | D:2      | Noticed Natasha
  1191 | D:2      | Noticed a crimson imp
  1192 | D:2      | Killed Natasha
  1193 | D:2      | Reached skill level 1 in Armour
  1193 | D:2      | Reached XP level 3. HP: 2/20 MP: 3/10
  1660 | D:2      | Noticed Natasha
  1667 | D:2      | Killed Natasha
  1668 | D:2      | Reached skill level 1 in Fighting
  1668 | D:2      | Reached XP level 4. HP: 18/25 MP: 3/12
  1756 | D:2      | Learned a level 3 spell: Vampiric Draining
  1761 | D:2      | Learned a level 4 spell: Animate Dead
  1995 | D:2      | Found a hide-covered altar of Uskayaw.
  2041 | D:2      | Noticed Natasha
  2047 | D:2      | Killed Natasha
  2230 | D:2      | Found Gihig's Armour Shoppe.
  2838 | D:3      | Reached XP level 5. HP: 24/29 MP: 1/13
  3541 | D:3      | Found a burning altar of Makhleb.
  3541 | D:3      | Noticed an Executioner
  3805 | D:3      | Found a hazy altar of Hepliaklqana.
  3972 | D:4      | Reached skill level 5 in Spellcasting
  3972 | D:4      | Reached skill level 6 in Necromancy
  3991 | D:4      | Noticed an ice beast
  4017 | D:3      | Reached XP level 6. HP: 34/35 MP: 5/15
  4296 | D:4      | Found a basalt altar of Yredelemnul.
  4411 | D:4      | Found a staircase to the Ecumenical Temple.
  4449 | Temple   | Entered the Ecumenical Temple
  4891 | D:4      | Killed an ice beast
  4892 | D:4      | Reached XP level 7. HP: 40/40 MP: 8/17
  4987 | D:4      | Found a shadowy altar of Dithmenos.
  4992 | D:4      | Found an ornate altar of the Wu Jian Council.
  5190 | D:5      | Entered Level 5 of the Dungeon
  5389 | D:5      | Reached skill level 7 in Necromancy
  5671 | D:5      | Found Luptawk's Armour Shoppe.
  5793 | D:6      | Found Olejurowk's Armour Boutique.
  5978 | D:6      | HP: 2/41 [centaur (6)]
  5978 | D:6      | Slain by a centaur

Illustrated notes

Levels and vault maps discovered:
D:1:      spicycebolla_arrival_transporter_tutorial, layout_basic,
          chequers_ecumenical_altar_island
D:2:      layout_basic, serial_shops, nicolae_shop_trees, basic_altar,
          amcnicky_mini_rare_corridor_liquid, minmay_misc_feat_roman,
          minmay_rat_hole, uniq_natasha
D:3:      layout_loops_ring, makhleb_altar_promises_db,
          nzn_hepliaklqana_mist_gate
D:4:      layout_loops_ring, lemuel_round_altar,
          amethyst_overflow_temple_binary, minmay_temple_entry_glassed_door
D:5:      layout_rooms, serial_shops, kennysheep_mini_moat, nrook_uturn
D:6:      layout_cave_pools, mainiacjoe_overflow_tiny_flanked, serial_shops,
          shop_fountains, shop, nicolae_stop_n_shop_1, shop_coins,
          amcnicky_mini_pool_small
Temple:   nicolae_temple_godzebo

Skill      XL: |  1  2  3  4  5  6  7 |
---------------+----------------------+-----
Necromancy     | 5 6 7 |  7.1
Armour         | 1 2 3 |  3.3
Spellcasting   | 4 5 6 |  6.4
Fighting       | 1 2 3 |  3.1
Dodging        | |  2.4
Stealth        | |  2.4

Action                   |  1- 3 |  4- 6 |  7- 9 || total
-------------------------+-------+-------+-------++-------
Melee: Unarmed           |       |     3 |       ||     3
       Spear             |       |    10 |     9 ||    19
 Cast: Necrotise         |    46 |   109 |    34 ||   189
       Animate Dead      |       |     2 |     2 ||     4
       Vampiric Draining |       |     2 |     5 ||     7
  Use: Scroll            |       |     1 |       ||     1
 Stab: Sleeping          |       |     1 |       ||     1
Armor: Robe              |     3 |     4 |       ||     7
       Ring mail         |       |    18 |    10 ||    28
Dodge: Dodged            |     8 |    39 |    15 ||    62

Table legend: (Time is in decaauts)
 A = Elapsed time spent in this place.
 B = Non-inter-level travel time spent in this place.
 C = Inter-level travel time spent in this place.
 D = Time resting spent in this place.
 E = Time spent auto-exploring this place.
 F = Levels seen in this place.
 G = Mean time per level.
                   A        B        C        D        E       F      G
               +--------+--------+--------+--------+--------+-----+--------+
         Total |   5989 |   5768 |    221 |    588 |   4497 |   7 |  855.6 |
       Dungeon |   5857 |   5656 |    201 |    588 |   4414 |   6 |  976.2 |
        Temple |    131 |    111 |     20 |      0 |     83 |   1 |  131.0 |
               +--------+--------+--------+--------+--------+-----+--------+

Top non-repeatable levels by time:
     D:1: 1483 daAuts
     D:2: 1340 daAuts
     D:3: 1184 daAuts
     D:4: 1062 daAuts
     D:5: 603 daAuts
     D:6: 184 daAuts
  Temple: 131 daAuts
